 Dungeon Crawl Stone Soup version 0.22.1-1-ga44c0e5 (webtiles) character file.

256 marthius the Conjurer (level 6, -9/32 HPs)
             Began as a Tengu Conjurer on Oct 21, 2018.
             Was a Follower of Ru.
             Mangled by Sigmund
             ... wielding a +0 scythe
              (14 damage)
             ... on level 2 of the Dungeon.
             The game lasted 00:27:27 (3994 turns).

marthius the Conjurer (Tengu Conjurer)              Turns: 3994, Time: 00:27:28

Health: -9/32      AC:  3    Str:  9    XL:     6   Next: 16%
Magic:  2/11       EV: 10    Int: 17    God:    Ru [*.....]
Gold:   134        SH:  0    Dex: 14    Spells: 5/11 levels left

rFire    . . .     SeeInvis .   z - staff of poison
rCold    . . .     Gourm    .   (no shield)
rNeg     . . .     Faith    .   g - +0 leather armour
rPois    +         Spirit   .   (helmet restricted)
rElec    .         Reflect  .   (no cloak)
rCorr    .         Harm     .   (no gloves)
MR       .....                  (boots unavailable)
Stlth    +.........             (no amulet)
HPRegen  0.10/turn              (no ring)
MPRegen  0.12/turn              (no ring)

@: confused
A: beak, talons 3, inability to train dodging, able to fly 1
a: Fly, Renounce Religion


You were on level 2 of the Dungeon.
You worshipped Ru.
Ru was aware of your devotion.
You were hungry.

You visited 1 branch of the dungeon, and saw 3 of its levels.

You collected 134 gold pieces.

Inventory:

Hand Weapons
 b - a +0 spear
 e - a +0 whip
 n - a +4 dagger
 r - a +1 short sword of protection
 w - a cursed -2 short sword
Missiles
 d - 56 stones (quivered)
 C - 2 tomahawks
Armour
 a - a +0 robe
 g - a +0 leather armour (worn)
 m - a +0 pair of boots
 s - a +0 plate armour
 v - a +0 scale mail
 x - a +0 ring mail
Magical Staves
 z - an uncursed staff of poison (weapon)
Jewellery
 k - an uncursed ring of resist corrosion {unknown}
Wands
 y - a wand of flame (28)
Scrolls
 f - 2 scrolls of teleportation {unknown}
 h - 3 scrolls of remove curse {unknown}
 i - a scroll of fog {unknown}
 j - 7 scrolls of enchant weapon {unknown}
 l - a scroll of identify {unknown}
 t - 2 scrolls of fear {unknown}
 B - a scroll of noise {unknown}
Potions
 o - a potion of berserk rage {unknown}
 p - a potion of invisibility {unknown}
 q - a potion of heal wounds {unknown}
 A - a potion of curing {unknown}
Comestibles
 c - 2 rations
 u - 6 chunks of flesh


   Skills:
 + Level 3.0 Throwing
 - Level 2.0 Stealth
 - Level 3.1 Spellcasting
 + Level 7.2 Conjurations


You had 5 spell levels left.
You knew the following spells:

 Your Spells              Type           Power        Failure   Level  Hunger
a - Magic Dart            Conj           ####         1%          1    None
b - Searing Ray           Conj           ####..       1%          2    ##.....
c - Dazzling Spray        Conj/Hex       ###...       16%         3    ###....

Your spell library contained the following spells:

 Spells                   Type           Power        Failure   Level  Hunger
 Iskenderun's Mystic Bla  Conj           ####....     12%         4    ####...
 Force Lance              Conj/Tloc      ###.....     47%         4    ####...
 Fulminant Prism          Conj/Hex       ###.......   47%         4    ####...


Dungeon Overview and Level Annotations

Branches:
Dungeon (3/15)

Altars:
Ru
Uskayaw

Annotations:
D:2 Sigmund


Innate Abilities, Weirdness & Mutations

You have a beak for a mouth.
You have claws for feet.
You cannot train Dodging skill.
You can fly.


Message History

Sigmund is severely wounded.
Sigmund is no longer blind.
Sigmund gestures at you while chanting.
You are confused.
Throwing (i - inventory. (/) - cycle)
d - 59 stones (quivered)
Press: ? - help, Shift-Dir - straight line, f/p - Sigmund
Aim: Sigmund, wielding a scythe and wearing an embroidered robe (severely You throw a stone.
Sigmund barely misses you.
Throwing (i - inventory. (/) - cycle)
d - 58 stones (quivered)
Press: ? - help, Shift-Dir - straight line, f/p - Sigmund
Aim: Sigmund, wielding a scythe and wearing an embroidered robe (severely You throw a stone.
Sigmund casts a spell at you.
You are more confused.
Throwing (i - inventory. (/) - cycle)
d - 57 stones (quivered)
Press: ? - help, Shift-Dir - straight line, f/p - Sigmund
Aim: Sigmund, wielding a scythe and wearing an embroidered robe (severely You throw a stone.
Sigmund hits you from afar with a scythe!
You die...

#.# #................#######.#
#.# #######.#)######.# #.# #.#
#..†# #.# #.### ##.# #.#.# #)#
#...# ##.## #.#.# #.# #....
.#<.########.#.## #.# #.#[#
.>...........#(.### #.#######.#.#
.##.##########...(###.........#.#
###.# #....@......########.# #
#.# #.P#..(.##.## #.# #.#
#.#(...@P#.# #.# #.# #.#P...P(..#
#.# #.# #.#.....P#.# #.# #.#
#.#.P......# ######.# #.#
#.#........# #......# #.#
#.P......#.####.###### #.#
#.P####.#.............


You could see Sigmund.

Vanquished Creatures
  An orc priest (D:3)
  Jessica (D:2)
  Terence (D:2)
  2 orc wizards (D:3)
  5 adders
  3 dart slugs
  5 orcs (D:3)
  2 ball pythons (D:2)
  4 bats
  3 giant cockroaches
  12 goblins
  10 hobgoblins
  3 jackals (D:3)
  A quokka (D:2)
  2 frilled lizards (D:2)
  10 kobolds
  6 rats
71 creatures vanquished.

Notes
Turn   | Place    | Note
-------+----------+-------------------------------------------
     0 | D:1      | marthius the Tengu Conjurer began the quest for the Orb.
     0 | D:1      | Reached XP level 1. HP: 10/10 MP: 4/4
    83 | D:1      | Reached XP level 2. HP: 3/15 MP: 0/6
   854 | D:1      | Reached XP level 3. HP: 19/19 MP: 1/7
  1130 | D:1      | Learned a level 2 spell: Searing Ray
  1134 | D:1      | Learned a level 3 spell: Dazzling Spray
  1545 | D:2      | Reached skill level 6 in Conjurations
  1545 | D:2      | Reached XP level 4. HP: 20/24 MP: 5/9
  1761 | D:2      | Reached skill level 1 in Throwing
  1890 | D:2      | Noticed Jessica
  1901 | D:2      | Killed Jessica
  2033 | D:2      | Noticed Terence
  2078 | D:2      | Killed Terence
  2078 | D:2      | Gained mutation: You can fly. [Tengu growth]
  2078 | D:2      | Reached XP level 5. HP: 21/28 MP: 1/10
  2123 | D:2      | Found a sacrificial altar of Ru.
  2138 | D:2      | Became a worshipper of Ru the Awakened
  2606 | D:3      | Noticed Sigmund
  2914 | D:3      | Found a hide-covered altar of Uskayaw.
  3162 | D:3      | Reached skill level 7 in Conjurations
  3162 | D:3      | Reached XP level 6. HP: 18/32 MP: 6/11
  3527 | D:3      | Gained mutation: You cannot train Dodging skill. [Ru
                  | sacrifice]
  3527 | D:3      | Reached * piety under Ru
  3994 | D:2      | Mangled by Sigmund

Skill      XL: |  1  2  3  4  5  6 |
---------------+-------------------+-----
Conjurations   | 6 7 |  7.2
Throwing       | 1 2 3 |  3.0
Spellcasting   | 3 |  3.1
Dodging        | 0 |  0.0
Stealth        | |  2.0

Action                   |  1- 3 |  4- 6 || total
-------------------------+-------+-------++-------
Melee: Spear             |     1 |       ||     1
       Whip              |     7 |     5 ||    12
       Kick              |     1 |     6 ||     7
       Staff             |       |     8 ||     8
       Peck              |       |     2 ||     2
Throw: Stone             |    18 |    88 ||   106
 Cast: Magic Dart        |    53 |    75 ||   128
       Searing Ray       |     2 |     1 ||     3
       Dazzling Spray    |     1 |    15 ||    16
Invok: Sacrifice Nimblen |       |     1 ||     1
  Eat: Chunk             |     2 |     9 ||    11
Armor: Leather armour    |       |    13 ||    13
Dodge: Dodged            |     6 |    29 ||    35
